Map: Lerilak Crest

Players

IIIIIII

  • Race: Protoss Protoss
  • League: Silver

Javert - Winner!

  • Race: Zerg Zerg
  • League: Silver

VOD

Have the link to the VOD?

Description

Time

  • Played on: July 20, 2015, 12:05 a.m.
  • Length: 8:49
Show
View Real Time Build Order
Export as new Build Order

IIIIIII Protoss 

Build Orders:  

Get SALT Encoding   

  12  0:01  Probe  
  13  0:16  Pylon  
  13  0:19  Probe  
  14  0:34  Probe (Chrono Boost)  
  15  0:44  Probe (Chrono Boost)  
  16  0:51  Probe  
  17  1:03  Probe (Chrono Boost)  
  18  1:08  Nexus  
  18  1:15  Probe (Chrono Boost)  
  19  1:26  Gateway  
  19  1:33  Forge  
  19  1:36  Probe  
  20  1:42  Assimilator  
  20  1:46  Assimilator  
  20  1:49  Probe (Chrono Boost)  
  21  2:00  Probe (Chrono Boost)  
  22  2:19  Cybernetics Core, Probe  
  22  2:21  Zealot  
  25  2:26  Pylon  
  25  2:29  Protoss Ground Weapons Level 1  
  25  2:30  Probe  
  25  2:31  Probe  
  27  2:43  Probe  
  28  2:44  Probe  
  29  2:56  Probe  
  29  2:58  Photon Cannon  
  30  3:01  Probe (Chrono Boost)  
  31  3:08  Probe (Chrono Boost)  
  34  3:13  Mothership Core (Chrono Boost)  
  34  3:18  Probe (Chrono Boost)  
  35  3:21  Pylon  
  35  3:25  Probe  
  36  3:28  Warp Gate (Chrono Boost)  
  36  3:29  Twilight Council  
  36  3:30  Probe  
  37  3:37  Probe  
  37  3:40  Pylon  
  38  3:42  Probe  
  39  3:49  Probe  
  39  3:54  Probe  
  41  4:00  Gateway x2  
  41  4:01  Probe  
  42  4:03  Gateway  
  42  4:12  Probe  
  42  4:24  Probe x2  
  31  4:36  Probe x2  
  31  4:44  Pylon  
  28  4:48  Zealot x2  
  28  4:50  Shield Upgrade  
  29  4:52  Probe  
  27  5:05  Photon Cannon  
  26  5:14  Gateway  
  25  5:40  Pylon  
  25  5:44  Cybernetics Core  
  25  5:46  Zealot  
  23  5:57  Zealot  
  22  6:09  Probe (Chrono Boost)  
  23  6:24  Sentry x2  
  27  6:26  Sentry  
  27  6:36  Probe (Chrono Boost)  
  28  6:40  Adept  
  31  6:47  Probe (Chrono Boost)  
  31  6:53  Probe (Chrono Boost)  
  27  7:06  Probe (Chrono Boost)  
  28  7:08  Pylon  
  28  7:13  Probe (Chrono Boost)  
  30  7:23  Probe (Chrono Boost), Adept  
  30  7:28  Adept  
  34  7:32  Probe (Chrono Boost)  
  34  7:34  Adept  
  37  7:40  Probe  
  38  7:45  Adept  
  40  7:59  Adept x2  
  40  8:02  Sentry  
  40  8:04  Sentry  
  48  8:18  Probe  
  49  8:22  Zealot  
  49  8:23  Zealot  
  54  8:36  Pylon  
Show
View Real Time Build Order
Export as new Build Order

Javert Zerg - Winner!

Build Orders: Hatch First, Zergling Baneling 

Get SALT Encoding   

  12  0:01  Drone  
  13  0:12  Overlord  
  13  0:18  Drone  
  14  0:31  Drone x2  
  14  0:34  Drone  
  17  0:46  Drone  
  18  0:58  Hatchery  
  18  0:59  Drone  
  18  1:01  Extractor  
  17  1:14  Spawning Pool  
  17  1:16  Drone  
  17  1:30  Drone x2  
  19  1:40  Overlord  
  19  1:51  Drone  
  20  2:07  Queen  
  22  2:09  Metabolic Boost  
  22  2:10  Queen  
  22  2:13  Drone x3  
  27  2:22  Drone x2  
  29  2:35  Drone x2  
  31  2:46  Overlord x2  
  31  2:56  Zergling x4  
  33  3:04  Zergling x2  
  34  3:08  Zergling x2  
  34  3:12  Baneling Nest  
  34  3:15  Zergling x2  
  34  3:16  Zergling x8  
  39  3:22  Zergling x10  
  44  3:31  Zergling x4  
  46  3:49  Overlord x2  
  46  3:52  Zergling x12  
  52  3:57  Baneling x6  
  52  4:04  Overlord x2  
  47  4:22  Zergling x2  
  47  4:23  Zergling x22  
  50  4:35  Drone x2  
  46  4:53  Baneling x4  
  46  4:59  Overlord  
  46  5:00  Drone x2  
  46  5:01  Drone x4  
  50  5:08  Drone x3  
  50  5:09  Drone  
  50  5:10  Hatchery  
  51  5:32  Drone x10  
  51  5:35  Lair  
  58  5:37  Extractor  
  58  5:39  Extractor  
  58  5:41  Extractor  
  55  5:43  Spine Crawler  
  54  5:51  Drone x3  
  54  5:52  Drone x2  
  56  6:18  Evolution Chamber  
  55  6:19  Evolution Chamber  
  55  6:23  Queen  
  55  6:25  Drone x12  
  64  6:26  Drone x2  
  64  6:27  Baneling x6  
  64  6:28  Baneling x2  
  64  6:30  Baneling  
  70  6:41  Roach Warren  
  65  7:06  Spine Crawler  
  65  7:07  Extractor  
  63  7:08  Drone  
  63  7:09  Drone x15, Extractor  
  78  7:21  Glial Reconstitution  
  78  7:23  Roach x3  
  78  7:27  Overseer x2  
  78  7:28  Roach  
  86  7:31  Overlord x4  
  86  7:35  Overseer  
  88  7:37  Roach x2  
  88  7:44  Overseer  
  90  7:46  Roach x4  
  90  7:48  Overlord  
  98  7:58  Roach x6  
  106  8:02  Overlord  
  110  8:06  Roach  
  110  8:07  Roach x2  
  116  8:17  Overlord x2  
  118  8:20  Roach x3  
  136  8:35  Overseer  
Tags
 
Add a new tag
Caveats
  • Supply blocks, unpowered buildings, or Contaminate may cause inaccurate times.
  • Supply counts are checked every 10 seconds.